Description

LB opener into Roach

Replay - Diamond 2 - ZvZ - Game 7

Build Order

Get SALT Encoding   

  12  0:00  Drone  
  13  0:13  Overlord  
  13  0:17  Drone  
  14  0:31  Drone x2  
  16  0:48  Hatchery  
  15  0:55  Drone x2  
  17  1:01  Drone  
  18  1:11  Extractor  
  17  1:15  Spawning Pool  
  17  1:17  Drone x2  
  18  1:29  Drone  
  19  2:01  Queen x2  
  19  2:03  Zergling x4  
  27  2:12  Metabolic Boost  
  27  2:17  Overlord  
  28  2:30  Overlord  
  31  2:48  Baneling Nest  
  31  3:00  Hatchery  
  30  3:06  Zergling x4  
  30  3:07  Queen  
  35  3:17  Overlord  
  36  3:28  Zergling x4  
  42  3:48  Baneling x4  
  42  3:58  Overlord  
  42  4:04  Zergling x8  
  47  4:14  Roach Warren  
  47  4:16  Evolution Chamber  
  55  5:00  Zerg Missile Weapons Level 1  
  55  5:01  Extractor x2  
  66  5:19  Lair  
  65  5:27  Roach  
  72  5:36  Roach x2  
  80  5:44  Extractor  
  83  6:01  Roach x3  
  88  6:11  Roach x4  
  106  6:12  Hatchery  
  105  6:22  Evolution Chamber  
  118  6:53  Zerg Ground Armor Level 1  
  119  6:55  Zerg Missile Weapons Level 2  
  158  8:05  Extractor x2  
  200  8:43  Overseer  
Spawning Tool Build Advisor. Get it on Overwolf

Go to:

Details

  • Created by: tiwaheronud
  • Published on: Mar 05, 2023
  • Modified on: Mar 05, 2023
  • Patch: 5.0.11
  • Difficulty: Medium
Show
View Real Time Build Order
Export as new Build Order

Comments (0)

There are no comments. Be the first!

Create an account to comment!